 Dungeon Crawl Stone Soup version 0.31-a0-150-g89dc3ad700 (webtiles) character file.

Game seed: 4829258646585200512

1688218 juan097 the Slayer (level 25, 190/190 HPs)
             Began as a Minotaur Berserker on June 8, 2023.
             Was the Champion of Trog.
             Escaped with the Orb
             ... and 3 runes!
             The game lasted 02:16:08 (64288 turns).

juan097 the Slayer (Minotaur Berserker)            Turns: 64288, Time: 02:16:09

Health: 190/190    AC: 46    Str: 29    XL:     25   Next: 12%
Magic:  22/22      EV: 20    Int:  4    God:    Trog [******]
Gold:   6205       SH: 34    Dex: 21    Spells: 24/24 levels left

rFire   + + .        a - +12 broad axe of Infection {flame, rPois Will+ Dex-3}
rCold   + + .        A - +5 tower shield "Caeptoz" {Str+3 Dex+2}
rNeg    . . .        K - +9 gold dragon scales
rPois   +            m - +0 mask of the Dragon {Will+ Slay+3 SInv}
rElec   +            P - +4 dragonskin cloak
rCorr   .            X - +1 pair of gloves of the Eternal Void {Fly rPois Will+}
SInv    +            N - +2 pair of boots "Gaher" {rElec}
Will    +++++        I - amulet of reflection Stlth
                     Z - +5 ring of evasion
HPRegen 0.51/turn    i - ring of the Four Bounties {rF+ rC+ Str-2 Dex+6, =R}
MPRegen 0.18/turn

%: reflection
@: flying
A: horns 2, retaliatory headbutt, frail 2, strong-willed 2, noise suppression
0: Orb of Zot
}: 3/15 runes: decaying, silver, gossamer
a: Renounce Religion, Berserk, Trog's Hand, Brothers in Arms


You escaped.
You worshipped Trog.
Trog was exalted by your worship.
You visited 8 branches of the dungeon, and saw 44 of its levels.
You visited the Abyss 1 time.
You also visited: Gauntlet and Ice Cave.

You collected 8842 gold pieces.
You spent 2637 gold pieces at shops.

Inventory:

Hand Weapons
 a - the +12 broad axe of Infection (weapon) {flame, rPois Will+ Dex-3}
   (Trog gifted it to you on level 1 of the Vaults)

   Dex:       It affects your dexterity (-3).
   rPois:     It protects you from poison.
   Will:      It increases your willpower.
 b - a +9 antimagic broad axe
 S - a +9 heavy broad axe
 U - a +3 vampiric war axe
Missiles
 s - 4 throwing nets
 x - 8 silver javelins (quivered)
 F - 10 javelins
 H - 43 boomerangs
 Q - 14 curare-tipped darts
Armour
 m - the +0 mask of the Dragon (worn) {Will+ Slay+3 SInv}
   (You acquired it on level 2 of the Orcish Mines)

   Slay:      It affects your accuracy & damage with ranged weapons and melee
   (+3).
   SInv:      It lets you see invisible.
   Will:      It increases your willpower.
 A - the +5 tower shield "Caeptoz" (worn) {Str+3 Dex+2}
   (You acquired it on level 2 of the Depths)

   Str:       It affects your strength (+3).
   Dex:       It affects your dexterity (+2).
 K - +9 gold dragon scales (worn)
 N - the +2 pair of boots "Gaher" (worn) {rElec}
   (You found it in a Gauntlet)

   rElec:     It insulates you from electricity.
 P - the +4 dragonskin cloak (worn)
   (You took it off Tiamat on level 2 of the Realm of Zot)

   Avatar's Aegis: It grants the wearer a chance to resist fire, cold, poison,
   electricity, acid, and negative energy.
 X - the +1 pair of gloves of the Eternal Void (worn) {Fly rPois Will+}
   (You acquired it on level 1 of the Spider Nest)

   rPois:     It protects you from poison.
   Fly:       It grants you flight.
   Will:      It increases your willpower.
Jewellery
 i - the ring of the Four Bounties (right hand) {rF+ rC+ Str-2 Dex+6, =R}
   (You found it in a Gauntlet)

   [ring of dexterity]

   Str:       It affects your strength (-2).
   Dex:       It affects your dexterity (+6).
   rF:        It protects you from fire.
   rC:        It protects you from cold.
 q - the ring "Watax" {rPois rF- rN+ rCorr Int+6}
   (You took it off a yaktaur captain on level 5 of the Vaults)

   [ring of intelligence]

   Int:       It affects your intelligence (+6).
   rF:        It makes you vulnerable to fire.
   rPois:     It protects you from poison.
   rN:        It protects you from negative energy.
   rCorr:     It protects you from acid and corrosion.
 v - a ring of resist corrosion
 I - an amulet of reflection (around neck)
 Z - a +5 ring of evasion (left hand)
Wands
 d - a wand of iceblast (38)
 w - a wand of quicksilver (11)
 y - a wand of digging (18)
 W - a wand of mindburst (52)
Scrolls
 h - 10 scrolls of teleportation
 t - 5 scrolls of blinking
 z - 8 scrolls of fear
 B - 5 scrolls of butterflies
 C - 4 scrolls of fog
 J - 3 scrolls of magic mapping
 L - 7 scrolls of poison
 Y - 8 scrolls of silence
Potions
 c - 3 potions of heal wounds
 e - 3 potions of berserk rage
 f - 5 potions of lignification
 g - 5 potions of magic
 j - 5 potions of mutation
 l - 2 potions of enlightenment
 n - 5 potions of might
 o - 8 potions of curing
 p - 7 potions of attraction
 r - a potion of resistance
 D - 8 potions of haste
 O - a potion of cancellation
 R - 7 potions of ambrosia
 T - 3 potions of invisibility
Miscellaneous
 k - a condenser vane
 u - a phial of floods
 M - a lightning rod (4/4)


   Skills:
 - Level 22.0 Fighting
 - Level 19.0 Axes
 - Level 4.0 Ranged Weapons
 + Level 20.8 Throwing
 - Level 22.0 Armour
 - Level 14.0 Dodging
 - Level 4.0 Stealth
 - Level 22.0 Shields
 - Level 18.0 Evocations


You had 24 spell levels left.
You didn't know any spells.
Your spell library was empty.

Dungeon Overview and Level Annotations

Branches:
Dungeon (15/15)            Temple (0/1) D:6            Lair (5/5) D:10
  Swamp (4/4) Lair:2       Spider (4/4) Lair:3        Slime (0/5) Lair:4
    Orc (2/2) D:11            Elf (0/3) Orc:2        Vaults (5/5) D:14
  Crypt (0/3) Vaults:3     Depths (4/4) D:15            Zot (5/5) Depths:4
  IceCv (visited)         Gauntlet (visited)

Altars:
Ashenzari
Dithmenos
Elyvilon
Fedhas
Gozag
Makhleb
Trog
Uskayaw
Jiyva

Shops:
D:4 [   D:5 :   D:9 !   Orc:1 ?   Orc:2 *!?:*(   Vaults:1 ?(   Vaults:2 *
Depths:2 (

Portals:
Hell: Depths:1 Depths:2 Depths:3 Depths:4
Abyss: D:11
Pandemonium: Depths:1 Depths:2
Ziggurat: Depths:1

Annotations:
D:11 2 transporters, Darkkill's ghost, journeyman MiHu
Lair:5 3 runed translucent doors, Ageipsow's ghost, journeyman GnDe
Swamp:2 2 transporters, Whirlpool's ghost, journeyman DESu
Zot:2 3 runed translucent doors, Vaid's ghost, master GnFi


Innate Abilities, Weirdness & Mutations

You have a pair of horns on your head.
You reflexively headbutt those who attack you in melee.
You are very frail. (-20% HP)
You are highly strong-willed. (Will++)
You passively dampen the noise of your surroundings.


Message History

There is a stone staircase leading down here.
(D) Dungeon (T) Temple (L) Lair (S) Swamp (N) Spider Nest (M) Slime Pits (O) Orcish Mines (E) Elven Halls (V) Vaults (C) Crypt (U) Depths (H) Hell (Z) Zot
Where to? (Enter - D:1, ? - help)
You reach down and open the door.
There is an open door here.
There is a stone staircase leading up here.
You fly upwards.
There is a stone staircase leading down here.
There is a stone staircase leading up here.
You fly upwards.
There is a stone staircase leading down here.
There is a stone staircase leading up here.
You fly upwards.
There is a stone staircase leading down here.
(D) Dungeon (T) Temple (L) Lair (S) Swamp (N) Spider Nest (M) Slime Pits (O) Orcish Mines (E) Elven Halls (V) Vaults (C) Crypt (U) Depths (H) Hell (Z) Zot
Where to? (Enter - D:1, ? - help)
Okay, then.
HP restored.
An ice devil comes into view.
You can't go up here!
You throw a silver javelin.
The silver javelin pierces through the ice devil!!!
You kill the ice devil!
Trog accepts your kill.
(D) Dungeon (T) Temple (L) Lair (S) Swamp (N) Spider Nest (M) Slime Pits (O) Orcish Mines (E) Elven Halls (V) Vaults (C) Crypt (U) Depths (H) Hell (Z) Zot
Where to? (Enter - D:1 @ (x,y), ? - help)
There is an open gate here.
There is an open door here.
There is an open door here.
There is a staircase leading out of the dungeon here.
You have escaped!

#........#...#.....#........(..
#........#.........#.#..#..####
#####'#######...#...##.....>.....
.^....#### ####'##########..####
##....##..# ##8.8## ##..##..####
#....#....# ##'## ##§§≈.#..#...
#...##.~..####...####.≈..#......
#....#.~~.#≈#.....#≈#.≈≈.#....PP
#....#≈§~~#.'..@>.+.#≈≈§§#.....P
#....#~≈~.#~#.....#§#.≈≈≈#...#..
#...##..~.####...####..§.#...#..
#######.~..# ##'## ##..§.#.....#
...# ##..## #...# ##..##.#####
...# #### ######## #####......
...# #.......# #....####. ...#
#...#.....# #.#♣.♣ #. ####
#...#.....###.#♣.♣ #.


There were no monsters in sight!

Vanquished Creatures
  2 orbs of fire (Zot:5)
  4 ancient liches (Zot:5)
  2 dread liches
  Parghit (Depths:3)
  the Lernaean hydra (Swamp:4)
  3 Killer Klowns (Zot:5)
  A curse toe (Zot:3)
  Saint Roka (Depths:1)
  Xtahua (Vaults:3)
  A caustic shrike (Zot:2)
  6 golden dragons
  Nikola (Depths:1)
  A bone dragon (Depths:4)
  2 electric golems (Zot:5)
  13 tentacled monstrosities
  A Brimstone Fiend (D:8)
  23 Orb Guardians
  3 liches
  Mlioglotl (Spider:2)
  12 quicksilver dragons
  A walking divine tome (Depths:3)
  Rupert (Orc:1)
  4 titans
  A walking frostbound tome (Depths:2)
  The ghost of Feshunla the Bewitcher, an adept KoEn of Dithmenos (Vaults:1)
  2 sphinxes
  4 death cobs
  Frances (Spider:1)
  Agnes (Spider:1)
  9 shadow dragons
  A tentacled starspawn (Abyss:3)
  11 storm dragons
  Roxanne (Spider:1)
  6 tengu reavers
  Donald (Orc:2)
  A fenstrider witch (Swamp:3)
  9 draconian monks
  3 emperor scorpions
  13 fire giants
  12 frost giants
  4 draconian scorchers
  7 draconian knights
  13 vault wardens
  6 ghost moths
  4 iron dragons
  18 very ugly things
  A reaper (Depths:2)
  3 spriggan defenders
  A broodmother (Spider:2)
  5 ironbound thunderhulks
  6 draconian shifters
  29 ironbound preservers
  9 draconian annihilators
  A balrug (Depths:1)
  A draconian stormcaller (Zot:2)
  4 formless jellyfish
  31 stone giants
  A war gargoyle (Vaults:5)
  3 vampire knights
  2 lorocyprocas (Depths:1)
  A deep elf demonologist (Vaults:5)
  6 green draconians
  9 white draconians
  4 eleionomae
  13 black draconians
  5 bunyips
  7 dire elephants
  9 purple draconians
  8 yellow draconians
  2 deep elf annihilators (Vaults:5)
  A minotaur (Gauntlet)
  11 red draconians
  10 spark wasps
  2 deep elf death magi
  13 ettins
  A quicksilver dragon zombie (Vaults:3)
  3 blizzard demons
  8 great orbs of eyes
  11 fire dragons
  2 deep elf high priests (Vaults:5)
  2 shambling mangroves
  15 yaktaur captains
  The ghost of Zocerawneb the Covert, a journeyman OpFi of Dithmenos (Lair:3)
  8 entropy weavers
  21 hydras
  2 hell beasts
  3 rakshasas
  26 vault guards
  A peacekeeper (Vaults:4)
  3 jorogumos
  5 ogre magi
  3 catoblepae (Lair:5)
  8 ice dragons
  A ghost crab (Lair:2)
  5 spriggan air magi
  2 anacondas (Lair:4)
  Erica (D:8)
  9 ironbound frosthearts
  A jorogumo (shapeshifter) (D:10)
  5 radroaches
  11 centaur warriors
  9 alligators
  8 death scarabs (Spider:4)
  14 deep troll shamans
  10 boulder beetles
  2 two-headed ogres
  10 deep troll earth magi
  6 orc high priests (Orc:2)
  10 demonic crawlers
  7 tengu warriors
  2 vampire magi
  8 death yaks
  2 spriggan berserkers
  A sun demon (Depths:2)
  Sonja (D:13)
  2 soul eaters (Depths:2)
  11 hell knights
  10 iron trolls
  Nergalle (D:10)
  A fire crab (Lair:4)
  5 skeletal warriors
  A storm dragon skeleton (Vaults:5)
  90 deep trolls
  A death drake (shapeshifter) (Depths:2)
  6 goliath frogs
  7 pharaoh ants
  5 spriggan druids
  5 glowing orange brains
  A bog body (Swamp:2)
  A flayed ghost (Depths:1)
  2 obsidian statues
  19 ironbound convokers
  12 swamp dragons (Swamp:4)
  9 spriggan simulacra (IceCv)
  A spectral wolf spider (Spider:4)
  A shadow demon (Depths:1)
  7 lindwurms
  8 orb spiders
  A deep troll (shapeshifter) (Vaults:5)
  A deep elf archer (D:14)
  12 wizards
  A harpy (Vaults:3)
  3 deep elf pyromancers
  2 deep elf zephyrmancers (D:14)
  7 phantasmal warriors
  A lindwurm (shapeshifter) (Vaults:4)
  A sphinx zombie (Vaults:5)
  7 steelbarb worms
  2 wolf spider zombies (Spider:4)
  9 necromancers
  13 orc knights
  11 wolf spiders
  A salamander (D:15)
  An orc sorcerer (Orc:2)
  4 will-o-the-wisps
  19 moths of wrath
  26 ugly things
  9 manticores
  8 cyclopes
  2 rust devils
  2 human skeletons (Vaults:3)
  An ice statue (Spider:3)
  9 elephants
  Maurice (D:8)
  8 black mambas
  19 vault sentinels
  6 torpor snails
  5 smoke demons
  21 cane toads
  2 eyes of devastation (shapeshifter)
  An unseen horror (D:9)
  2 gargoyles
  2 efreet
  2 spectral redbacks (Spider:4)
  An orange demon (Depths:2)
  7 komodo dragons
  4 kobold demonologists
  4 rime drakes
  5 tengu conjurers
  17 yaktaurs
  An anaconda simulacrum (IceCv)
  3 golden dragon simulacra (IceCv)
  7 ice devils
  6 trolls
  5 freezing wraiths
  4 red devils
  5 spectral jumping spiders (Spider:4)
  5 hellwings
  Prince Ribbit (D:7)
  3 tyrant leeches
  4 polar bears
  15 tarantellas
  3 spectral culicivoras (Spider:4)
  A tengu simulacrum (Vaults:3)
  3 meliai (D:15)
  A spectral tarantella (Spider:4)
  2 tarantella zombies (Spider:4)
  A jumping spider zombie (Spider:4)
  13 hornets
  23 jumping spiders
  6 blink frogs
  6 dream sheep (Lair:4)
  A human simulacrum (Vaults:3)
  A spectral dream sheep (Lair:2)
  A snapping turtle (shapeshifter) (Vaults:5)
  A stone giant simulacrum (Vaults:3)
  26 slime creatures
  A spectral black mamba (Lair:2)
  15 spriggans
  A jumping spider (shapeshifter) (D:12)
  2 centaur simulacra
  A vampire (D:11)
  17 culicivoras
  3 ynoxinuls
  7 wyverns
  3 water elementals (Depths:4)
  2 wraiths
  45 yaks
  A shadow (D:10)
  3 neqoxecs
  3 steam dragons
  5 basilisks
  4 chaos spawn
  45 redbacks
  An elf skeleton (Vaults:3)
  10 vampire mosquitoes
  10 minotaur simulacra (IceCv)
  16 swamp worms
  8 wargs
  Duvessa (D:7)
  2 harpy simulacra (IceCv)
  2 hydra simulacra (IceCv)
  A hell hound (Gauntlet)
  4 acid dragons
  17 water moccasins
  2 glowing shapeshifter skeletons
  11 swamp drakes
  A floating eye (Depths:2)
  A spectral yak (Lair:2)
  2 sky beasts
  4 black bears
  An ettin simulacrum (IceCv)
  43 orc warriors
  4 ice beasts
  3 alligator simulacra (IceCv)
  9 ogres
  A tengu (shapeshifter) (Vaults:5)
  11 centaurs
  7 wolves
  3 boggarts (D:14)
  8 kobold brigands
  20 bullfrogs
  8 deep troll simulacra (IceCv)
  4 gnoll sergeants (D:11)
  5 necrophages (Lair:2)
  2 spectral water moccasins (Lair:2)
  2 scorpions
  10 wights
  A hornet simulacrum (D:8)
  Dowan (D:7)
  3 killer bees (D:9)
  A lindwurm simulacrum (IceCv)
  2 vampire bats (D:6)
  3 howler monkeys
  2 gnoll boudas
  2 hounds (D:6)
  5 jellies
  39 orc priests
  A sleepcap (D:6)
  Jessica (D:3)
  Natasha (thrice) (D:2)
  3 iguanas
  20 orc wizards
  A hell rat (Lair:4)
  Robin (D:4)
  A killer bee simulacrum (D:8)
  18 gnolls
  9 adders
  7 white imps
  3 ufetubi
  A worm (D:3)
  A dart slug (D:2)
  82 orcs
  9 ball pythons
  An endoplasm (D:3)
  6 giant cockroaches
  18 goblins
  8 hobgoblins
  2 jackals (D:1)
  14 kobolds
  5 quokkas
  13 bats
  3 frilled lizards
  3 rats
1960 creatures vanquished.

Vanquished Creatures (collateral kills)
  Tiamat (Zot:2)
1 creature vanquished.

Vanquished Creatures (others)
  A draconian scorcher (Zot:3)
  An ironbound preserver (Vaults:2)
  A bog body (Swamp:1)
  A tarantella (Spider:4)
  2 bloated husks (Swamp:4)
  14 foxfires
20 creatures vanquished.

Grand Total: 1981 creatures vanquished

Notes
Turn   | Place    | Note
-------+----------+-------------------------------------------
     0 | D:1      | juan097 the Minotaur Berserker began the quest for the Orb.
     0 | D:1      | Reached XP level 1. HP: 19/19 MP: 0/0
   165 | D:1      | Reached XP level 2. HP: 21/27 MP: 1/1
   621 | D:1      | Reached XP level 3. HP: 30/33 MP: 2/2
   768 | D:2      | Noticed Natasha
   772 | D:2      | Killed Natasha
   815 | D:2      | Reached skill level 1 in Stealth
   847 | D:2      | Reached ** piety under Trog
   879 | D:2      | Reached XP level 4. HP: 31/40 MP: 3/3
   922 | D:2      | Noticed Natasha
   941 | D:2      | Killed Natasha
   953 | D:2      | Noticed Natasha
   966 | D:2      | Killed Natasha
   967 | D:2      | Reached skill level 5 in Axes
  1023 | D:2      | Found an opulent altar of Gozag.
  1216 | D:2      | Reached XP level 5. HP: 46/46 MP: 4/4
  1762 | D:3      | Noticed Jessica
  1764 | D:3      | Killed Jessica
  1855 | D:3      | Reached *** piety under Trog
  1922 | D:3      | Found a hide-covered altar of Uskayaw.
  1922 | D:3      | Found a white marble altar of Elyvilon.
  2391 | D:4      | Noticed Robin
  2392 | D:4      | Noticed an ogre
  2392 | D:4      | Noticed a black bear
  2546 | D:4      | Noticed a black bear
  2559 | D:4      | Killed a black bear
  2560 | D:4      | Reached XP level 6. HP: 55/55 MP: 5/5
  2682 | D:4      | Reached skill level 5 in Fighting
  2803 | D:4      | Found Hitaklau's Antique Armour Emporium.
  2805 | D:4      | Bought a pair of runed gloves for 150 gold pieces
  2844 | D:4      | Reached XP level 7. HP: 54/61 MP: 0/6
  2846 | D:4      | Killed Robin
  3186 | D:5      | Entered Level 5 of the Dungeon
  3277 | D:5      | Found Vaps's Book Emporium.
  3393 | D:5      | Identified the +0 scale mail of Elitism {Will+ Str+3 Int-3
                  | Dex+6}
  3605 | D:5      | Reached XP level 8. HP: 37/70 MP: 5/7
  3945 | D:6      | Found a broken altar of Ashenzari.
  3968 | D:6      | Reached **** piety under Trog
  4186 | D:6      | Found a staircase to the Ecumenical Temple.
  4613 | D:7      | Identified the +0 cloak "Aschuoz" {Int+2}
  4727 | D:7      | Noticed Duvessa
  4728 | D:7      | Noticed Dowan
  4739 | D:7      | Killed Duvessa
  4740 | D:7      | Reached skill level 10 in Axes
  4742 | D:7      | Killed Dowan
  5268 | D:7      | Reached XP level 9. HP: 81/81 MP: 6/8
  5362 | D:7      | Noticed Prince Ribbit
  5374 | D:7      | Killed Prince Ribbit
  6014 | D:8      | Noticed Erica
  6127 | D:8      | Killed Erica
  6133 | D:8      | Reached skill level 5 in Armour
  6164 | D:8      | Noticed a death yak
  6236 | D:8      | Reached skill level 5 in Dodging
  6408 | D:8      | Noticed Maurice
  6420 | D:8      | Killed Maurice
  6421 | D:8      | Reached XP level 10. HP: 84/90 MP: 3/9
  6808 | D:8      | Killed a death yak
  6809 | D:8      | Reached skill level 1 in Evocations
  8066 | D:9      | Found Dayff's Distillery.
  8074 | D:9      | Bought a potion of degeneration for 12 gold pieces
  8074 | D:9      | Bought a potion of heal wounds for 60 gold pieces
  8074 | D:9      | Bought a potion of curing for 36 gold pieces
  8074 | D:9      | Bought a potion of cancellation for 96 gold pieces
  8074 | D:9      | Bought a potion of mutation for 96 gold pieces
  8153 | D:10     | Entered Level 10 of the Dungeon
  8168 | D:10     | Reached ***** piety under Trog
  8329 | D:10     | Noticed Nergalle
  8337 | D:10     | Killed Nergalle
  8338 | D:10     | Reached skill level 10 in Fighting
  8433 | D:10     | Noticed a gargoyle
  8448 | D:10     | Killed a gargoyle
  8449 | D:10     | Reached XP level 11. HP: 73/100 MP: 6/10
  8632 | D:10     | Noticed a tengu warrior
  8645 | D:10     | Killed a tengu warrior
  9317 | D:10     | Noticed an orc knight
  9330 | D:10     | Killed an orc knight
  9445 | D:10     | Reached skill level 1 in Ranged Weapons
  9445 | D:10     | Reached skill level 1 in Throwing
  9498 | D:10     | Noticed a shock serpent
  9504 | D:10     | Noticed a wolf spider
  9508 | D:10     | a wolf spider changed into a jorogumo
  9508 | D:10     | Noticed a jorogumo (shapeshifter)
  9512 | D:10     | Killed a jorogumo
 10073 | D:10     | Found a staircase to the Lair.
 10160 | Lair:1   | Entered Level 1 of the Lair of Beasts
 10454 | Lair:1   | Found a gate leading to a gauntlet.
 10472 | Lair:1   | Reached XP level 12. HP: 66/110 MP: 5/11
 10479 | Gauntlet | Entered a Gauntlet
 10479 | Gauntlet | Found a transporter.
 10594 | Gauntlet | Found a transporter.
 10609 | Gauntlet | Found a transporter.
 10614 | Gauntlet | Found a transporter.
 10618 | Gauntlet | Noticed a catoblepas
 10629 | Gauntlet | Found a transporter.
 10648 | Gauntlet | Found a transporter.
 10653 | Gauntlet | Noticed a ghost crab
 10660 | Gauntlet | Found a transporter.
 10672 | Gauntlet | Found a transporter.
 10680 | Gauntlet | Found a large runed translucent door.
 10681 | Gauntlet | Found a large runed translucent door.
 10682 | Gauntlet | Found a large runed translucent door.
 10682 | Gauntlet | Found a large runed translucent door.
 10683 | Gauntlet | Found a runed translucent gate.
 10683 | Gauntlet | Noticed a hell beast
 10684 | Gauntlet | Found a transporter.
 10684 | Gauntlet | Found a runed translucent gate.
 10685 | Gauntlet | Found a runed translucent gate.
 10686 | Gauntlet | Found a large runed translucent door.
 10686 | Gauntlet | Found a large runed translucent door.
 10687 | Gauntlet | Found a large runed translucent door.
 10688 | Gauntlet | Found a large runed translucent door.
 10693 | Gauntlet | Found a transporter.
 10706 | Gauntlet | Noticed a hell hog
 10715 | Gauntlet | Found a transporter.
 10726 | Gauntlet | Found a large runed translucent door.
 10727 | Gauntlet | Found a large runed translucent door.
 10728 | Gauntlet | Found a large runed translucent door.
 10728 | Gauntlet | Found a large runed translucent door.
 10729 | Gauntlet | Found a runed translucent door.
 10730 | Gauntlet | Found a transporter.
 10731 | Gauntlet | Found a runed translucent door.
 10732 | Gauntlet | Found a large runed translucent door.
 10732 | Gauntlet | Found a transporter.
 10732 | Gauntlet | Found a large runed translucent door.
 10733 | Gauntlet | Found a large runed translucent door.
 10757 | Gauntlet | Found a transporter.
 10759 | Gauntlet | Found a transporter.
 10855 | Gauntlet | Found a transporter.
 10875 | Gauntlet | Found a transporter.
 10891 | Gauntlet | Found a large runed translucent door.
 10949 | Gauntlet | Found a transporter.
 11136 | Gauntlet | Identified the amulet "Toohi" {+Inv rC+ Will- Regen+
                  | Stlth+}
 11281 | Gauntlet | Identified the ring of the Four Bounties {rF+ rC+ Str-2
                  | Dex+6}
 11314 | Gauntlet | Killed a hell beast
 11323 | Gauntlet | Identified the +2 pair of boots "Gaher" {rElec}
 11356 | Gauntlet | Noticed a minotaur
 11383 | Gauntlet | Killed a minotaur
 11384 | Gauntlet | Reached skill level 5 in Evocations
 12529 | Lair:1   | Reached skill level 1 in Shields
 13187 | Lair:2   | Reached skill level 10 in Armour
 13554 | Lair:2   | Noticed a ghost crab
 13566 | Lair:2   | Killed a ghost crab
 13567 | Lair:2   | Found a staircase to the Swamp.
 13748 | Lair:3   | Reached skill level 15 in Axes
 13927 | Lair:3   | Reached skill level 5 in Shields
 13955 | Lair:3   | Noticed a boulder beetle
 13967 | Lair:3   | Killed a boulder beetle
 14017 | Lair:3   | Reached XP level 13. HP: 119/119 MP: 9/12
 14044 | Lair:3   | Received a gift from Trog
 14245 | Lair:3   | Found a runed translucent door.
 14536 | Lair:3   | Found a hole to the Spider Nest.
 14934 | Lair:3   | Noticed Zocerawneb's ghost (journeyman OpFi)
 14943 | Lair:3   | Killed Zocerawneb's ghost
 15660 | Lair:4   | Found a staircase to the Slime Pits.
 15760 | Lair:4   | Noticed a dire elephant
 15970 | Lair:4   | Killed a dire elephant
 16482 | Lair:4   | Received a gift from Trog
 16627 | Lair:5   | Entered Level 5 of the Lair of Beasts
 16884 | Lair:5   | Reached XP level 14. HP: 116/132 MP: 6/13
 17849 | Lair:5   | Found the +10 morningstar "Eos" {elec, Halo rElec}
 18102 | Lair:5   | Found a runed translucent gate.
 18102 | Lair:5   | Found a runed translucent gate.
 18102 | Lair:5   | Found a runed translucent gate.
 18102 | Lair:5   | Noticed an azure jelly
 18102 | Lair:5   | Noticed an acid blob
 18103 | Lair:5   | Found a viscous altar of Jiyva.
 18103 | Lair:5   | Noticed an acid blob
 18103 | Lair:5   | Noticed an azure jelly
 18103 | Lair:5   | Noticed an azure jelly
 18103 | Lair:5   | Noticed a rockslime
 18103 | Lair:5   | Noticed an acid blob
 18103 | Lair:5   | Noticed an acid blob
 18104 | Lair:5   | Noticed Ageipsow's ghost (journeyman GnDe)
 18174 | Lair:5   | Identified the +2 ring mail of the Soldier {rF+ rC- Int+5}
 18824 | D:10     | Identified a scroll of acquirement
 18825 | D:10     | Acquired the +2 kite shield of Gozag's Approval {Rampage
                  | rPois}
 19024 | D:11     | Noticed Darkkill's ghost (journeyman MiHu)
 19279 | D:11     | Found a transporter.
 19451 | D:11     | Found a transporter.
 19453 | D:11     | Noticed an azure jelly
 19454 | D:11     | Found a one-way gate to the infinite horrors of the Abyss.
 19456 | D:11     | an azure jelly changed into an iron troll
 19492 | D:11     | an eleionoma changed into a stone giant
 19492 | D:11     | Noticed a stone giant (shapeshifter)
 19540 | D:11     | Reached ****** piety under Trog
 19569 | D:11     | Noticed a frost giant
 19627 | D:11     | Noticed a fenstrider witch
 19640 | D:11     | a fenstrider witch changed into a dire elephant
 19683 | D:11     | Found a staircase to the Orcish Mines.
 19913 | D:11     | Noticed a frost giant
 21006 | D:12     | Reached skill level 5 in Throwing
 21133 | D:12     | Noticed a shadow dragon
 21134 | D:12     | Paralysed by an ogre mage for 4 turns
 21138 | D:12     | Noticed a frost giant
 21322 | D:12     | Identified the +6 arbalest of the Shining Light {penet,
                  | rPois rC+ Int+3}
 21322 | D:12     | Identified the +7 trident "Itadygu" {antimagic, +Blink
                  | rPois Will++ Int-5}
 21333 | D:12     | Killed a frost giant
 21334 | D:12     | Noticed a frost giant
 21334 | D:12     | Noticed a frost giant
 21397 | D:12     | Killed a frost giant
 21397 | D:12     | Received a gift from Trog
 21658 | D:12     | Killed a frost giant
 21714 | D:12     | Identified the +0 chain mail "Maheith" {Harm rC+ MP+9
                  | Int+4}
 21896 | D:12     | Killed a shadow dragon
 21897 | D:12     | Reached XP level 15. HP: 120/139 MP: 3/14
 22042 | Orc:1    | Entered Level 1 of the Orcish Mines
 22091 | Orc:1    | Found a bloodstained altar of Trog.
 22167 | Orc:2    | Entered Level 2 of the Orcish Mines
 22209 | Orc:2    | Noticed Rupert
 22225 | Orc:1    | Killed Rupert
 22456 | Orc:2    | Found Upilased's Weapon Emporium.
 22988 | Orc:2    | Identified the +1 battleaxe of the Invisible Eyes {heavy,
                  | Str+3} (Trog gifted it to you on level 2 of the Orcish
                  | Mines)
 22988 | Orc:2    | Received a gift from Trog
 23123 | Orc:2    | Found Fusk's Magic Scroll Boutique.
 23123 | Orc:2    | Found Enenwila's Book Boutique.
 23124 | Orc:2    | Found Raerat's Assorted Antiques.
 23124 | Orc:2    | Found Febluw's Distillery.
 23134 | Orc:2    | Bought a potion of ambrosia for 136 gold pieces
 23283 | Orc:2    | Found Payzo's General Store.
 23296 | Orc:2    | Found a staircase to the Elven Halls.
 23375 | Orc:2    | Noticed Donald
 23390 | Orc:2    | Killed Donald
 23391 | Orc:2    | Reached skill level 15 in Fighting
 24093 | Orc:1    | Found Opryunol's Magic Scroll Emporium.
 24153 | Orc:1    | Bought a scroll of blinking for 82 gold pieces
 24604 | Orc:2    | Bought a scroll of acquirement for 572 gold pieces
 24612 | Orc:2    | Acquired the +0 mask of the Dragon {Will+ Slay+3 SInv}
 24612 | Orc:2    | Found the +0 mask of the Dragon {Will+ Slay+3 SInv}
 24737 | D:9      | Bought a potion of heal wounds for 60 gold pieces
 24874 | Orc:2    | Bought 2 potions of haste for 340 gold pieces
 24874 | Orc:2    | Bought a potion of cancellation for 136 gold pieces
 24877 | Orc:2    | Bought 2 scrolls of enchant weapon for 210 gold pieces
 24877 | Orc:2    | Bought a scroll of silence for 133 gold pieces
 24881 | Orc:2    | Bought 3 scrolls of identify for 84 gold pieces
 24886 | Orc:2    | Bought a scroll of identify for 28 gold pieces
 24886 | Orc:2    | Bought a scroll of identify for 28 gold pieces
 25016 | D:13     | Noticed Sonja
 25018 | D:13     | Reached skill level 10 in Shields
 25021 | D:13     | Killed Sonja
 25242 | D:13     | Received a gift from Trog
 25515 | D:14     | Found a blossoming altar of Fedhas.
 25899 | D:14     | Reached skill level 10 in Dodging
 26024 | D:14     | Found a gate to the Vaults.
 26172 | D:15     | Entered Level 15 of the Dungeon
 27119 | D:15     | Received a gift from Trog
 27320 | D:15     | Found a staircase to the Depths.
 27330 | D:15     | Reached XP level 16. HP: 96/149 MP: 9/15
 27660 | Swamp:1  | Entered Level 1 of the Swamp
 27953 | Swamp:1  | Identified the +6 orcbow of Odijiuri {freeze, Str+3 Dex+6}
 28760 | Swamp:2  | Found a transporter.
 28763 | Swamp:2  | Noticed Whirlpool's ghost (journeyman DESu)
 28764 | Swamp:2  | Found a transporter.
 28833 | Swamp:2  | Received a gift from Trog
 28861 | Swamp:2  | Reached skill level 10 in Evocations
 29348 | Swamp:3  | Identified the +1 scale mail of Paranoia {rElec Str+2
                  | Slay-6}
 29847 | Swamp:4  | Entered Level 4 of the Swamp
 29896 | Swamp:4  | Noticed a tentacled monstrosity
 29905 | Swamp:4  | Killed a tentacled monstrosity
 30265 | Swamp:4  | Identified the +1 battleaxe of Intimidation {flame, Fly
                  | Str+3} (Trog gifted it to you on level 4 of the Swamp)
 30265 | Swamp:4  | Received a gift from Trog
 30281 | Swamp:4  | Noticed the 27-headed Lernaean hydra
 30289 | Swamp:4  | Killed the 26-headed Lernaean hydra
 30290 | Swamp:4  | Reached XP level 17. HP: 76/159 MP: 0/16
 30464 | Swamp:4  | Identified the +7 halberd "Pustra" {antimagic, rPois rN+
                  | Str+2 Dex-3}
 30722 | Swamp:4  | Got a decaying rune of Zot
 30829 | Swamp:4  | Identified the +1 helmet of the Desert {rF+ Int+2}
 30951 | Swamp:4  | Reached skill level 15 in Armour
 31377 | Spider:1 | Entered Level 1 of the Spider Nest
 31384 | Spider:1 | Noticed Frances
 31401 | Spider:1 | Killed Frances
 31626 | Spider:1 | Noticed Roxanne
 31758 | Spider:1 | Identified the +4 broad axe "Estrum" {heavy, Drain Str+5}
                  | (Trog gifted it to you on level 1 of the Spider Nest)
 31758 | Spider:1 | Received a gift from Trog
 32113 | Spider:1 | Killed Roxanne
 32218 | Spider:1 | Noticed Agnes
 32226 | Spider:1 | Killed Agnes
 33453 | Spider:2 | Noticed Mlioglotl
 33461 | Spider:2 | Killed Mlioglotl
 33784 | Spider:2 | Received a gift from Trog
 34122 | Spider:3 | Found a frozen archway.
 34140 | IceCv    | Entered an ice cave
 34473 | IceCv    | Reached XP level 18. HP: 172/172 MP: 14/17
 34962 | IceCv    | Received a gift from Trog
 35318 | IceCv    | Acquired the +1 pair of gloves of the Eternal Void {Fly
                  | rPois Will+}
 36564 | Spider:4 | Entered Level 4 of the Spider Nest
 36630 | Spider:4 | Paralysed by a jorogumo for 1 turns
 37364 | Spider:4 | Reached skill level 15 in Shields
 37384 | Spider:4 | Received a gift from Trog
 38059 | Spider:4 | Identified the +0 hat of Akuf {Int+2}
 38061 | Spider:4 | Got a gossamer rune of Zot
 38384 | Vaults:1 | Entered Level 1 of the Vaults
 38430 | Vaults:1 | Reached skill level 10 in Throwing
 38644 | Vaults:1 | Identified the +12 broad axe of Infection {flame, rPois
                  | Will+ Dex-3} (Trog gifted it to you on level 1 of the
                  | Vaults)
 38644 | Vaults:1 | Received a gift from Trog
 38785 | Vaults:1 | Reached XP level 19. HP: 180/183 MP: 18/18
 39204 | Vaults:1 | Found Wyfap's Weapon Shoppe.
 39468 | Vaults:1 | Found a runed translucent gate.
 39468 | Vaults:1 | Found a runed translucent gate.
 39468 | Vaults:1 | Noticed Feshunla's ghost (adept KoEn)
 39469 | Vaults:1 | Found a runed translucent gate.
 39660 | Vaults:1 | You are sucked into a shaft and drop 1 floor!
 39900 | Vaults:1 | Found Orarem's Magic Scroll Emporium.
 39905 | Vaults:1 | Bought a scroll of blinking for 105 gold pieces
 39905 | Vaults:1 | Bought a scroll of poison for 56 gold pieces
 39975 | Vaults:1 | Killed Feshunla's ghost
 39988 | Vaults:1 | Identified the staff of death "Ychio" {rC- rN+ rCorr Str+2
                  | Dex+7}
 40475 | Vaults:2 | Identified the +11 war axe of Trog's Vengeance {antimagic,
                  | SInv} (Trog gifted it to you on level 2 of the Vaults)
 40475 | Vaults:2 | Received a gift from Trog
 40533 | Vaults:2 | Found Gaoz's General Store.
 41751 | Vaults:3 | Noticed Xtahua
 41766 | Vaults:3 | Killed Xtahua
 42159 | Vaults:3 | Received a gift from Trog
 42179 | Vaults:3 | Reached skill level 15 in Evocations
 42353 | Vaults:3 | Reached XP level 20. HP: 193/193 MP: 19/19
 42832 | Vaults:3 | Found a staircase to the Crypt.
 42947 | Vaults:3 | Identified the +3 dagger of Propriety {pain, rF+ Str-2
                  | Dex+3}
 43691 | Vaults:4 | Received a gift from Trog
 44373 | Vaults:4 | Reached skill level 15 in Throwing
 44917 | Vaults:5 | Entered Level 5 of the Vaults
 45142 | Vaults:4 | Received a gift from Trog
 45635 | Vaults:5 | Reached XP level 21. HP: 161/201 MP: 20/20
 45722 | Vaults:5 | Noticed a golden dragon
 45729 | Vaults:5 | Killed a golden dragon
 45740 | Vaults:5 | Identified the +9 morningstar of Taleohu {spect, Str+5}
 45753 | Vaults:5 | Got a silver rune of Zot
 45789 | Vaults:5 | Identified the +4 long sword of the Trees {elec, rC+}
 46289 | Vaults:5 | Received a gift from Trog
 47330 | Vaults:5 | Identified the +1 ring mail of Zuxad {rC+ rN+ Int+3 Dex+4}
 47510 | Vaults:5 | Identified the +2 short sword of Qazlal's Whim {venom, rF+}
 47565 | Vaults:5 | Identified the +4 demon whip "Laan" {vamp, rF++ Int+4
                  | Dex-3}
 47659 | Vaults:5 | Identified the +7 scimitar "Naklipri" {flame, Int+6}
 47659 | Vaults:5 | Identified the ring "Ifiynua" {MP+9 Str+6 Int-2 Dex+5}
 47681 | Vaults:5 | Identified the ring "Watax" {rPois rF- rN+ rCorr Int+6}
 47968 | Vaults:5 | Identified the ring "Fydoquatz" {Will+ MP+9 Str+6 SInv}
 47974 | Vaults:5 | Noticed a golden dragon
 47981 | Vaults:5 | Killed a golden dragon
 47981 | Vaults:5 | Received a gift from Trog
 48049 | Vaults:5 | Noticed a dread lich
 48068 | Vaults:5 | Killed a dread lich
 48577 | Depths:1 | Entered Level 1 of the Depths
 48593 | Depths:1 | Noticed Nikola
 48608 | Depths:1 | Killed Nikola
 48863 | Depths:1 | Noticed Saint Roka
 48881 | Depths:1 | Killed Saint Roka
 49151 | Depths:1 | Found a one-way gate leading to the halls of Pandemonium.
 49172 | Depths:1 | Gained mutation: You are frail. (-10% HP) [a neqoxec]
 49173 | Depths:1 | Gained mutation: You occasionally lose the ability to drink
                  | potions when taking damage. [a neqoxec]
 49175 | Depths:1 | Gained mutation: You have hidden genetic defects. [a
                  | neqoxec]
 49338 | Vaults:2 | Lost mutation: You have hidden genetic defects. [potion of
                  | mutation]
 49338 | Vaults:2 | Lost mutation: You occasionally lose the ability to drink
                  | potions when taking damage. [potion of mutation]
 49338 | Vaults:2 | Gained mutation: Your spells are a little harder to cast,
                  | but a little more powerful. [potion of mutation]
 49338 | Vaults:2 | Gained mutation: You have hidden genetic defects. [potion
                  | of mutation]
 49338 | Vaults:2 | Lost mutation: You have hidden genetic defects. [potion of
                  | mutation]
 49545 | Orc:2    | Lost mutation: You are frail. (-10% HP) [potion of
                  | mutation]
 49545 | Orc:2    | Lost mutation: Your spells are a little harder to cast, but
                  | a little more powerful. [potion of mutation]
 49545 | Orc:2    | Gained mutation: Your magical capacity is low. (-10% MP)
                  | [potion of mutation]
 49783 | Depths:1 | You are sucked into a shaft and drop 1 floor!
 49835 | Depths:2 | Reached XP level 22. HP: 195/213 MP: 18/18
 49871 | Depths:2 | Acquired the +5 tower shield "Caeptoz" {Str+3 Dex+2}
 49921 | Depths:2 | Received a gift from Trog
 49921 | Depths:2 | Paralysed by a floating eye for 2 turns
 50006 | Depths:2 | Found an opulent altar of Gozag.
 50007 | Depths:2 | Found a burning altar of Makhleb.
 50007 | Depths:2 | Found a blossoming altar of Fedhas.
 50007 | Depths:2 | Found a broken altar of Ashenzari.
 50304 | Depths:1 | Found a one-way gateway to a ziggurat.
 50500 | Depths:1 | Found a gateway to Hell.
 50780 | Orc:2    | Bought a scroll of enchant armour for 105 gold pieces
 51004 | Vaults:2 | Bought a scroll of enchant armour for 112 gold pieces
 51185 | Depths:2 | Found a shadowy altar of Dithmenos.
 51599 | Depths:2 | Paralysed by a floating eye for 3 turns
 51706 | Depths:2 | Received a gift from Trog
 52441 | Depths:2 | Found Apluymn's Weapon Boutique.
 52613 | Depths:3 | Noticed Parghit
 52647 | Depths:3 | Killed Parghit
 52647 | Depths:3 | Received a gift from Trog
 53479 | Depths:3 | Reached XP level 23. HP: 207/222 MP: 19/19
 54034 | Depths:4 | Entered Level 4 of the Depths
 54056 | Depths:4 | Received a gift from Trog
 54057 | Depths:4 | Found a broken altar of Ashenzari.
 54365 | Abyss:2  | Found a corrupted altar of Lugonu.
 54365 | Abyss:2  | Cast into level 2 of the Abyss (hell knight)
 54524 | Depths:4 | Escaped the Abyss
 54760 | Depths:4 | Found a gate to the Realm of Zot.
 55181 | Depths:4 | Found a hide-covered altar of Uskayaw.
 55654 | Zot:1    | Entered Level 1 of the Realm of Zot
 56046 | Zot:2    | Found the +4 dragonskin cloak
 56046 | Zot:2    | Noticed Tiamat
 56059 | Zot:2    | Identified the +6 war axe of Patterns {heavy, rN+ SInv
                  | Stlth+} (Trog gifted it to you on level 2 of the Realm of
                  | Zot)
 56059 | Zot:2    | Received a gift from Trog
 56077 | Zot:2    | HP: 13/334 [Tiamat/+2 glaive of freezing (4)]
 56624 | Zot:2    | Found a runed translucent gate.
 56624 | Zot:2    | Found a runed translucent gate.
 56624 | Zot:2    | Found a runed translucent gate.
 56624 | Zot:2    | Noticed Vaid's ghost (master GnFi)
 56624 | Zot:2    | Found the amulet of Vitality {RegenMP++ Regen++}
 56625 | Zot:2    | Noticed an ancient lich
 57891 | Zot:2    | HP: 5/223 [Tiamat/+2 glaive of freezing (18)]
 58561 | Zot:2    | Killed Tiamat
 58917 | Zot:3    | Received a gift from Trog
 59459 | Zot:3    | Reached XP level 24. HP: 215/231 MP: 0/19
 59485 | Zot:3    | HP: 11/231 [yellow draconian/glob of acid[a red draconian
                  | scorcher] (18)]
 60536 | Zot:3    | Noticed a Killer Klown
 60560 | Zot:3    | a Killer Klown changed into a caustic shrike
 60884 | Zot:3    | Identified the +4 scale mail of New Discoveries {+Inv rC+++
                  | Regen+ Dex-2}
 61361 | Zot:5    | Entered Level 5 of the Realm of Zot
 61380 | Zot:5    | Received a gift from Trog
 61904 | Zot:5    | Noticed a Killer Klown
 61964 | Zot:5    | Killed a Killer Klown
 62469 | Zot:5    | Noticed an ancient lich
 62470 | Zot:5    | Noticed an orb of fire
 62475 | Zot:5    | Gained mutation: You are strong-willed. (Will+) [an orb of
                  | fire]
 62483 | Zot:5    | Noticed an orb of fire
 62488 | Zot:5    | Killed an ancient lich
 62509 | Zot:5    | Gained mutation: Your magical capacity is very low. (-20%
                  | MP) [an orb of fire]
 62795 | Zot:5    | Gained mutation: You are frail. (-10% HP) [an orb of fire]
 62807 | Zot:5    | Gained mutation: You are very frail. (-20% HP) [an orb of
                  | fire]
 62808 | Zot:5    | Killed an orb of fire
 62811 | Zot:5    | Killed an orb of fire
 62815 | Zot:5    | Lost mutation: Your magical capacity is very low. (-20% MP)
                  | [potion of mutation]
 62815 | Zot:5    | Lost mutation: Your magical capacity is low. (-10% MP)
                  | [potion of mutation]
 62815 | Zot:5    | Lost mutation: You are very frail. (-20% HP) [potion of
                  | mutation]
 62815 | Zot:5    | Gained mutation: You are partially covered in iridescent
                  | scales. (AC +2) [potion of mutation]
 62815 | Zot:5    | Gained mutation: You passively dampen the noise of your
                  | surroundings. [potion of mutation]
 63170 | Zot:5    | Noticed a dread lich
 63189 | Zot:5    | Killed a dread lich
 63379 | Zot:5    | Noticed a Killer Klown
 63392 | Zot:5    | Killed a Killer Klown
 63455 | Zot:5    | Gained mutation: You are very frail. (-20% HP) [mutagenic
                  | glow]
 63463 | Zot:5    | Gained mutation: You are highly strong-willed. (Will++)
                  | [mutagenic glow]
 63471 | Zot:5    | Lost mutation: You are partially covered in iridescent
                  | scales. (AC +2) [mutagenic glow]
 63502 | Zot:5    | Noticed an ancient lich
 63503 | Zot:5    | Noticed an ancient lich
 63527 | Zot:5    | Killed an ancient lich
 63528 | Zot:5    | Killed an ancient lich
 63534 | Zot:5    | Noticed a Killer Klown
 63540 | Zot:5    | Noticed an ancient lich
 63547 | Zot:5    | Reached XP level 25. HP: 95/187 MP: 7/22
 63564 | Zot:5    | Killed an ancient lich
 63564 | Zot:5    | Received a gift from Trog
 63570 | Zot:5    | Killed a Killer Klown
 63680 | Zot:5    | Got the Orb of Zot
 63712 | Zot:5    | Noticed Dely the pandemonium lord
 64019 | D:14     | Noticed a seraph
 64288 | D:$      | Escaped with the Orb!

Illustrated notes

Levels and vault maps discovered:
D:1:      shiori_arrival_elements, layout_basic, serial_forest,
          infiniplex_forest_pool, infiniplex_forest_corner_1,
          infiniplex_forest_end_1, infiniplex_forest_clump_double,
          infiniplex_forest_end_double, infiniplex_forest_straight_4,
          infiniplex_forest_straight_2
D:2:      layout_rooms, basic_altar, uniq_natasha
D:3:      layout_loops_corners, gammafunk_temple_overflow_wave,
          due_unseen_surprise, uniq_jessica
D:4:      layout_basic, serial_shops, shop, uniq_robin
D:5:      layout_cave_pools, serial_shops, nicolae_square_shop,
          serial_column_ruins, column_ruins_hut_ruined,
          column_ruins_square_huge, column_ruins_open_medium,
          column_ruins_grid_2, column_ruins_open_tiny,
          column_ruins_corridor_corner
D:6:      layout_basic, mainiacjoe_overflow_paths,
          minmay_temple_entry_junction_2, roderic_batcave
D:7:      layout_basic, uniq_duvessa, uniq_prince_ribbit1
D:8:      layout_cave_pools, serial_ice, serial_ice_c, serial_ice_a,
          serial_ice_d, serial_ice_e, serial_ice_l, uniq_erica, uniq_maurice
D:9:      layout_irregular_city, serial_shops, shop, eino_jars
D:10:     hangedman_cross_cluster, layout_rooms, lair_entry_dummy, uniq_nergalle
D:11:     layout_loops_ring, kennysheep_orc_monster_closet_entryway,
          gammafunk_ghost_abyssal_escape
D:12:     minmay_tile_spiral, layout_cave_pods
D:13:     layout_cave_pools, uniq_sonja
D:14:     layout_rooms, hangedman_vaults_entry_quadrant_bands,
          hangedman_decor_slide_cut, fedhas_altar_4
D:15:     hangedman_depths_entry_try_elsewhere_first, layout_basic
Lair:1:   layout_misc_corridors, gauntlet_entry_generic, grunt_megastairs_1
Lair:2:   layout_regular_city, nicolae_swamp_entry_spooky, roderic_carrion_pond,
          lemuel_fruit_tree
Lair:3:   layout_regular_city, dummy_spider_entry,
          ebering_ghost_reflecting_pool, beast_lair_carwin_10
Lair:4:   layout_regular_city, slime_entry_1, st_stairs_8,
          nicolae_lair_lakeside_cave
Lair:5:   evilmike_catoblepas_cave, layout_regular_city, gammafunk_ghost_ooze
Swamp:1:  layout_basic_swamp, evilmike_swamp_ruin_wall, swamp_pool4
Swamp:2:  layout_falls_marsh, gammafunk_ghost_mausoleum,
          evilmike_swamp_ruin_house_6
Swamp:3:  layout_falls_marsh, evilmike_swamp_ruin_house_2, swamp_pool2
Swamp:4:  swamp_old_school, layout_basic_swamp, hangedman_swamp_dais
Spider:1: layout_spider_delve, hangedman_spider_mandibles, uniq_frances,
          uniq_roxanne, uniq_agnes
Spider:2: nicolae_spider_hilbert_zone_7 [nicolae_spider_hilbert_4_sides_1_open,
          nicolae_spider_hilbert_4_sides_1_open,
          nicolae_spider_hilbert_4_sides_1_open,
          nicolae_spider_hilbert_4_sides_1_open,
          nicolae_spider_hilbert_3_sides_1_open,
          nicolae_spider_hilbert_3_sides_1_open,
          nicolae_spider_hilbert_3_sides_1_open,
          nicolae_spider_hilbert_3_sides_1_open,
          nicolae_spider_hilbert_4_sides_1_open,
          nicolae_spider_hilbert_4_sides_1_open,
          nicolae_spider_hilbert_4_sides_1_open,
          nicolae_spider_hilbert_2_sides_1_open,
          nicolae_spider_hilbert_2_sides_1_open,
          nicolae_spider_hilbert_2_sides_1_open,
          nicolae_spider_hilbert_2_sides_1_open,
          nicolae_spider_hilbert_2_sides_1_open,
          nicolae_spider_hilbert_2_sides_1_open], einodemon_crawler_minivault,
          uniq_mlioglotl
Spider:3: layout_cave_pods, portal_ice_cave_entry_ice_statue_one
Spider:4: floodkiller_spider_rune_tomb
Orc:1:    layout_caves, serial_shops, nicolae_shop_stone, basic_altar
Orc:2:    st_orc_pillars, layout_caves, serial_shops, shop, basic_altar,
          guppyfry_orc_lava_fort, uniq_donald, uniq_rupert
Vaults:1: gammafunk_ghost_split, vaults_room_pools,
          nicolae_vaults_taking_the_gang_shopping, v_misc_5,
          nicolae_vaults_closet_pinwheel_5, hangedman_vaults_capsules,
          nicolae_vaults_cochlea, nicolae_vaults_tetromino_Z_1,
          layout_vaults_omnigrid, serial_shops,
          nicolae_shop_pleasant_corner_grove
Vaults:2: nicolae_vaults_swerve, nicolae_vaults_little_squares_2,
          vaults_mumra_minichess, nicolae_vaults_sightless_eye,
          ontoclasm_vaults_tryst, v_rooms_3, v_misc_22,
          hangedman_vaults_stretched_pinwheel, vaults_room_corners,
          layout_vaults_ring, serial_shops, shop_statue
Vaults:3: v_pattern_5, ontoclasm_vaults_pinch,
          minmay_crypt_entry_simple_statues, vaults_room_hangedman_quadrants,
          nicolae_vaults_trapezoid_1, v_misc_12, nicolae_vaults_weapon_check,
          vaults_standard_mumra_lines, hangedman_vaults_slice,
          vaults_dpeg_encased_lava, nicolae_vaults_doubleplus_tesselated,
          nicolae_vaults_oval_intersection, nicolae_vaults_tetromino_L_1,
          layout_vaults_omnicross, uniq_xtahua
Vaults:4: nicolae_vaults_hexular_roomagon, nicolae_vaults_tangram_1,
          ontoclasm_vaults_gallery, ontoclasm_vaults_fault,
          hangedman_vaults_slice, nicolae_vaults_closet_pinwheel_5,
          hangedman_vaults_pinch, ontoclasm_vaults_bender,
          hangedman_vaults_corner_blocks, nicolae_vaults_storage_room_statues,
          nicolae_vaults_hexular_roomagon, nicolae_vaults_storage_closets_3,
          nicolae_vaults_shelves_hall, nicolae_vaults_sealed_display,
          nicolae_vaults_closet_pinwheel_1, nicolae_vaults_little_ls,
          nicolae_vaults_trapezoid_4, layout_vaults_maze
Vaults:5
Depths:1: layout_big_octagon, enter_ziggurat_d, serial_sigils_hangedman_gut,
          lightli_too_deep, grunt_pan_entry_spiral, kennysheep_donut,
          nrook_kobold_shadow_demons, uniq_nikola, uniq_saint_roka
Depths:2: minmay_the_grid_octo_tiled_octocenter
          [minmay_the_grid_octo_concentric, minmay_the_grid_octo_shrine,
          minmay_the_grid_octo_checkered, minmay_the_grid_octo_fan_narrow,
          minmay_the_grid_octo_prize_single_spiral,
          minmay_the_grid_square_5x5_one_wall,
          minmay_the_grid_square_5x5_bracketed,
          minmay_the_grid_square_5x5_minimal,
          minmay_the_grid_square_5x5_shuriken], layout_honeycomb,
          grunt_pan_entry_zigzag, hex_medium, serial_shops, shop_fountains,
          hell_entry, grunt_dithmenos_smoke_and_mirrors
Depths:3: kennysheep_windowed_halls, layout_honeycomb,
          minmay_staircase_windowed_large, abyss_entry,
          hangedman_tar_grid_catacomb, uniq_parghit
Depths:4: grunt_x_marks_the_spot, layout_cave_shapes, hell_entry,
          nicolae_uskayaw_murder_on_the_dancefloor, ashenzari_altar_1,
          serial_bayou_shore_a
Zot:1:    layout_gridlike
Zot:2:    layout_gridlike, gammafunk_ghost_necromancy, grunt_megastairs_5,
          uniq_tiamat
Zot:3:    layout_onion_interference
Zot:4:    gammafunk_its_a_trap, layout_misc_corridors, uniq_vv
Zot:5:    layout_gridville, grunt_ministairs_1, grunt_megastairs_2

Skill      XL: |  1  2  3  4  5  6  7  8  9 10 11 12 13 14 15 16 17 18 19 20 21 22 23 24 |
---------------+-------------------------------------------------------------------------+-----
Axes           | 4 5 6 8 10 12 13 14 15 16 18 19 | 19.0
Fighting       | 4 5 6 7 8 10 11 12 14 15 16 18 19 20 21 22 | 22.0
Armour         | 3 4 5 7 8 10 12 13 14 16 17 18 20 22 | 22.0
Stealth        | 1 2 3 4 |  4.0
Dodging        | 3 4 5 7 8 9 10 11 12 13 14 | 14.0
Evocations     | 3 4 6 8 9 10 12 13 15 16 17 18 | 18.0
Ranged Weapons | 4 |  4.0
Throwing       | 4 5 7 8 10 13 16 17 18 20 | 20.8
Shields        | 5 6 8 11 13 14 15 16 17 18 20 22 | 22.0

Action                     |  1- 3 |  4- 6 |  7- 9 | 10-12 | 13-15 | 16-18 | 19-21 | 22-24 | 25-27 || total
---------------------------+-------+-------+-------+-------+-------+-------+-------+-------+-------++-------
  Melee: Hand axe          |    49 |   119 |     3 |       |       |       |       |       |       ||   171
         Headbutt          |     4 |    19 |    26 |   103 |   160 |   229 |   365 |   553 |    15 ||  1474
         Punch             |       |     2 |       |     9 |       |       |       |       |       ||    11
         War axe           |       |       |   131 |   314 |       |       |       |    52 |       ||   497
         Broad axe         |       |       |       |    97 |   766 |   883 |  1154 |  1508 |    57 ||  4465
         Scimitar          |       |       |       |       |     8 |    21 |       |       |       ||    29
         Unarmed           |       |       |       |       |       |       |       |     5 |       ||     5
   Fire: Sling             |       |    48 |    87 |   117 |   182 |    28 |       |       |       ||   462
  Throw: Dart              |       |     2 |       |    10 |     6 |   149 |     1 |       |       ||   168
         Boomerang         |       |       |       |       |       |    37 |    37 |    56 |       ||   130
         Javelin           |       |       |       |       |       |       |       |    11 |     1 ||    12
 Invoke: Berserk           |       |     2 |     1 |     8 |     4 |     1 |     2 |     3 |       ||    21
         Trog's Hand       |       |       |     1 |     3 |     4 |     1 |     1 |     1 |     1 ||    12
         Brothers in Arms  |       |       |       |       |       |       |       |     4 |       ||     4
  Evoke: Wand              |       |       |       |       |     1 |       |       |     1 |       ||     2
         Phial of floods   |       |       |       |       |       |     1 |     1 |     1 |       ||     3
         Condenser vane    |       |       |       |       |       |     1 |     1 |     1 |       ||     3
    Use: Scroll            |       |       |       |    15 |    18 |     6 |     8 |    18 |       ||    65
         Potion            |       |       |       |     1 |     1 |     1 |     4 |    17 |       ||    24
   Stab: Sleeping          |       |     1 |     1 |     1 |     1 |       |       |       |       ||     4
         Distracted        |       |       |     1 |       |       |       |       |       |       ||     1
 Armour: Ring mail         |    14 |    70 |    44 |    17 |       |       |       |       |       ||   145
         Steam dragon scal |       |       |       |    14 |       |       |       |       |       ||    14
         Chain mail        |       |       |       |   146 |    51 |       |       |       |       ||   197
         Plate armour      |       |       |       |       |   277 |   543 |   179 |       |       ||   999
         Acid dragon scale |       |       |       |       |     9 |       |       |       |       ||     9
         Gold dragon scale |       |       |       |       |       |       |    98 |   521 |    14 ||   633
         Skin              |       |       |       |       |       |       |       |     1 |       ||     1
  Dodge: Dodged            |    22 |    88 |    89 |   252 |   381 |   708 |   300 |   507 |    14 ||  2361
  Block: Buckler           |       |       |       |    27 |    82 |       |       |       |       ||   109
         Kite shield       |       |       |       |       |   430 |   655 |       |       |       ||  1085
         Tower shield      |       |       |       |       |       |   435 |  1127 |  1836 |    57 ||  3455
         Reflection        |       |       |       |       |       |     4 |    66 |    50 |       ||   120

Table legend: (Time is in decaauts)
 A = Elapsed time spent in this place.
 B = Non-inter-level travel time spent in this place.
 C = Inter-level travel time spent in this place.
 D = Time resting spent in this place.
 E = Time spent auto-exploring this place.
 F = Levels seen in this place.
 G = Mean time per level.
                   A        B        C        D        E       F      G
               +--------+--------+--------+--------+--------+-----+--------+
         Total |  64369 |  58623 |   5746 |    356 |  46096 |  48 | 1341.0 |
       Dungeon |  18529 |  15613 |   2916 |     18 |  12702 |  15 | 1235.3 |
          Lair |   7420 |   6967 |    453 |     65 |   5401 |   5 | 1484.0 |
         Swamp |   3797 |   3646 |    151 |      3 |   2926 |   4 |  949.2 |
   Spider Nest |   5576 |   5250 |    326 |      0 |   4044 |   4 | 1394.0 |
  Orcish Mines |   2946 |   2512 |    434 |      0 |   1968 |   2 | 1473.0 |
        Vaults |  10258 |   9491 |    767 |      0 |   7715 |   5 | 2051.6 |
        Depths |   5371 |   5041 |    330 |      0 |   3683 |   4 | 1342.8 |
           Zot |   7933 |   7568 |    365 |    264 |   5837 |   5 | 1586.6 |
         Abyss |    156 |    156 |      0 |      0 |     73 |   2 |   78.0 |
      Ice Cave |   1345 |   1345 |      0 |      0 |   1051 |   1 | 1345.0 |
      Gauntlet |   1034 |   1034 |      0 |      5 |    692 |   1 | 1034.0 |
               +--------+--------+--------+--------+--------+-----+--------+

Top non-repeatable levels by time:
   Zot:2: 4017 daAuts
Vaults:4: 3091 daAuts
    D:12: 2231 daAuts
    D:10: 2101 daAuts
Vaults:2: 2073 daAuts
   Zot:5: 2032 daAuts
    D:15: 1986 daAuts
Vaults:5: 1936 daAuts
   Orc:2: 1925 daAuts
  Lair:5: 1838 daAuts
     D:7: 1780 daAuts
Depths:2: 1648 daAuts
Spider:2: 1630 daAuts
Vaults:1: 1604 daAuts
Vaults:3: 1552 daAuts
